 Dungeon Crawl Stone Soup version 0.30.0-15-g856e2d3f33 (webtiles) character file.

Game seed: 17572409909683494332

135 monsoonserge the Twirler (level 5, -1/39 HPs)
             Began as a Ghoul Wanderer on May 19, 2023.
             Shot with an arrow by a centaur (14 damage)
             ... on level 3 of the Dungeon.
             The game lasted 00:07:01 (2145 turns).

monsoonserge the Twirler (Ghoul Wanderer)           Turns: 2145, Time: 00:07:01

Health: -1/39      AC:  5    Str: 16    XL:     5   Next: 18%
Magic:  5/5        EV: 11    Int: 14    God:
Gold:   127        SH:  0    Dex:  9    Spells: 3/6 levels left

rFire   . . .        a - +0 quarterstaff
rCold   + . .        (shield currently unavailable)
rNeg    + + +        d - +0 leather armour
rPois   ∞            (no helmet)
rElec   .            (no cloak)
rCorr   .            t - +1 pair of gloves
SInv    .            (no boots)
Will    .....        (no amulet)
Stlth   +            u - +6 ring of intelligence
HPRegen 0.00/turn    (no ring)
MPRegen 0.09/turn

%: no passive effects
@: inhibited regen
A: claws 1, cold resistance 1, negative energy resistance 3, inhibited
regeneration, torment resistance 2, devour on kill
a: no special abilities


You were on level 3 of the Dungeon.
You visited 1 branch of the dungeon, and saw 3 of its levels.

You collected 127 gold pieces.

Inventory:

Hand Weapons
 a - a +0 quarterstaff (weapon)
 n - a +1 whip of pain
 x - a +0 arbalest
Missiles
 w - 2 datura-tipped darts
Armour
 b - a +0 pair of gloves
 d - a +0 leather armour (worn)
 g - a +0 ring mail
 j - a +0 chain mail
 t - a +1 pair of gloves (worn)
Jewellery
 u - a +6 ring of intelligence (left hand)
Wands
 s - a wand of roots (8)
Scrolls
 e - 2 scrolls of fear {unknown}
 f - a scroll of vulnerability {unknown}
 h - a scroll of enchant weapon {unknown}
 i - 2 scrolls of identify {unknown}
 k - a scroll of poison {unknown}
 l - a scroll of blinking {unknown}
 r - a scroll of torment {unknown}
 v - a scroll of teleportation {unknown}
Potions
 c - a potion of haste
 m - 3 potions of heal wounds {unknown}
 o - 3 potions of flight {unknown}
 p - a potion of brilliance {unknown}
 q - 2 potions of berserk rage {unknown}


   Skills:
 + Level 0.4 Fighting
 + Level 3.6 Staves
 - Level 1.0 Throwing
 * Level 1.0 Armour
 + Level 0.4 Dodging
 + Level 1.1 Stealth
 + Level 1.0 Spellcasting
 * Level 3.4 Conjurations
 * Level 1.2 Air Magic
 - Level 1.0 Evocations


You had 3 spell levels left.
You knew the following spells:

 Your Spells              Type           Power      Damage    Failure   Level
a - Magic Dart            Conj           40%        1d5       8%          1
b - Static Discharge      Conj/Air       14%        2-3/arc   19%         2

Your spell library contained the following spells:

 Spells                   Type           Power      Damage    Failure   Level
 Mephitic Cloud           Conj/Pois/Air  5%         N/A       45%         3
 Ignite Poison            Fire/Tmut/Pois 0%         N/A       67%         3
 Sticky Flame             Conj/Fire      5%         2d3       85%         4
 Airstrike                Air            2%         2d(1-17)  89%         4
 Summon Lightning Spire   Summ/Air       2%         N/A       94%         4
 Ignition                 Fire           0%         3d3       100%        8


Dungeon Overview and Level Annotations

Branches:
Dungeon (3/15)

Altars:


Innate Abilities, Weirdness & Mutations

You are immune to poison.
You have sharp fingernails.
Your flesh is cold resistant. (rC+)
You are immune to negative energy. (rN+++)
You do not regenerate when monsters are visible.
You are immune to unholy pain and torment.
You thrive by killing the living.


Message History

The orc is heavily wounded.
The orc closely misses you. The orc barely misses you.
You hit the orc but do no damage.
The orc is heavily wounded.
The orc hits you but does no damage.
You hit the orc but do no damage.
The orc is heavily wounded.
The orc misses you.
You hit the orc.
You kill the orc!
You feel better.
You hit the orc but do no damage. The orc hits you with a +0 club.
You hit the orc.
The orc is lightly wounded.
The orc hits you but does no damage.
You closely miss the orc.
The orc is lightly wounded.
The orc hits you but does no damage.
You barely miss the orc.
The orc is lightly wounded.
The orc closely misses you.
You hit the orc.
You kill the orc!
You now have 127 gold pieces (gained 14).
Items here: )))) [ ††.
HP restored.
Found a spear.
You see here a +0 spear.
e - 2 scrolls labelled YNNUNKILUL (gained 1)
There are no items here.
A dart slug comes into view.
A centaur comes into view.
The dart slug briefly extends its eye-stalks.
The centaur shouts!
The centaur wields a +0 shortbow.
The centaur shoots an arrow.
The arrow hits you!
The dart slug bites you but does no damage.
You hit the dart slug but do no damage.
The centaur shoots an arrow.
The arrow hits you!
The centaur shoots an arrow.
The arrow hits you!
You die...

..# #. ..# #. c.#
###.##.# .....#.#
.# #....# .#
#....###.# .#
#...@w..# .#
##..##### .# #..#
.# #..# .## #).#
..############..#
#......)........#
##############.##
.#.#


You could see a centaur and a dart slug.

Vanquished Creatures
  An orc priest (D:3)
  An orc wizard (D:3)
  An adder (D:2)
  4 worms (D:2)
  A dart slug (D:2)
  5 orcs (D:3)
  3 bats (D:1)
  6 endoplasms
  2 giant cockroaches (D:1)
  2 goblins
  4 hobgoblins (D:1)
  3 jackals
  3 quokkas (D:2)
  3 ball pythons
  6 frilled lizards
  5 kobolds
  3 rats
53 creatures vanquished.

Notes
Turn   | Place    | Note
-------+----------+-------------------------------------------
     0 | D:1      | monsoonserge the Ghoul Wanderer began the quest for the
                  | Orb.
     0 | D:1      | monsoonserge set off with the following items: a +0
                  | quarterstaff, a +0 pair of gloves, a potion of haste, a +0
                  | leather armour; and the following spell memorised: Magic
                  | Dart; and the following spells available to memorise:
                  | Static Discharge, Mephitic Cloud.
     0 | D:1      | Reached XP level 1. HP: 14/14 MP: 1/1
   142 | D:1      | Reached XP level 2. HP: 20/20 MP: 2/2
   189 | D:1      | Learned a level 2 spell: Static Discharge
   536 | D:1      | Reached XP level 3. HP: 26/26 MP: 3/3
  1173 | D:2      | Reached skill level 1 in Air Magic
  1266 | D:2      | Reached XP level 4. HP: 33/33 MP: 0/4
  1879 | D:3      | Reached XP level 5. HP: 23/39 MP: 5/5
  2113 | D:3      | Reached skill level 1 in Armour
  2143 | D:3      | Noticed a centaur
  2145 | D:3      | Shot with an arrow by a centaur

Illustrated notes

Levels and vault maps discovered:
D:1:      zaba_arrival_water, layout_basic, dk_noncrumbling_4, fountainhead,
          minmay_domino_2
D:2:      layout_basic
D:3:      layout_loops_ring

Skill      XL: |  1  2  3  4  5 |
---------------+----------------+-----
Staves         | 3 |  3.6
Conjurations   | 3 |  3.4
Air Magic      | 1 |  1.2
Armour         | 1 |  1.0
Fighting       | |  0.4
Throwing       | |  1.0
Dodging        | |  0.4
Stealth        | |  1.1
Spellcasting   | |  1.0
Evocations     | |  1.0

Action                     |  1- 3 |  4- 6 || total
---------------------------+-------+-------++-------
  Melee: Quarterstaff      |    89 |    52 ||   141
   Cast: Magic Dart        |    17 |       ||    17
 Armour: Leather armour    |    24 |    15 ||    39
  Dodge: Dodged            |    45 |    24 ||    69
